 Dungeon Crawl Stone Soup version 0.32-a0-876-gcfddb08e57 (webtiles) character file.

Game seed: 18328135741436703949

105 smashvw the Trooper (level 4, -2/41 HPs)
             Began as a Minotaur Monk on Mar 31, 2024.
             Slain by a gnoll
             ... wielding a +0 whip
              (3 damage)
             ... on level 2 of the Dungeon.
             The game lasted 00:04:39 (1876 turns).

smashvw the Trooper (Minotaur Monk)                 Turns: 1876, Time: 00:04:39

Health: -2/41      AC:  8    Str: 18    XL:     4   Next: 54%
Magic:  3/3        EV:  7    Int:  7    God:
Gold:   96         SH:  0    Dex: 12    Spells: 3/3 levels left

rFire   . . .        a - +0 spear
rCold   . . .        d - orb {light}
rNeg    . . .        p - +0 chain mail
rPois   .            (helmet restricted)
rElec   .            (no cloak)
rCorr   .            (no gloves)
SInv    .            (no boots)
Will    .....        (no amulet) Stlth
                     (no ring)
HPRegen 0.26/turn    (no ring)
MPRegen 0.08/turn

%: no passive effects
@: glowing
A: horns 2, retaliatory headbutt
a: no special abilities


You were on level 2 of the Dungeon.
You visited 1 branch of the dungeon, and saw 3 of its levels.

You collected 96 gold pieces.

Inventory:

Hand Weapons
 a - a +0 spear (weapon)
Armour
 b - a +0 robe
 d - an orb of light (worn)
 p - a +0 chain mail (worn)
Scrolls
 e - a scroll of teleportation {unknown}
 f - a scroll of acquirement {unknown}
 g - 3 scrolls of amnesia {unknown}
 i - 4 scrolls of identify {unknown}
 l - a scroll of fear {unknown}
 m - a scroll of noise {unknown}
 n - a scroll of immolation {unknown}
 s - a scroll of enchant weapon {unknown}
Potions
 c - 2 potions of ambrosia
 h - a potion of berserk rage {unknown}
 j - 2 potions of curing {unknown}
 k - 2 potions of haste {unknown}
 o - a potion of might {unknown}
 q - a potion of heal wounds {unknown}
 r - 2 potions of brilliance {unknown}


   Skills:
 + Level 4.8 Fighting
 + Level 4.7 Polearms
 + Level 2.6 Armour
 - Level 3.2 Dodging


You had 3 spell levels left.
You didn't know any spells.
Your spell library was empty.

Dungeon Overview and Level Annotations

Branches:
Dungeon (3/15)

Altars:
The Shining One

Shops:
D:1 (


Innate Abilities, Weirdness & Mutations

You have a pair of horns on your head.
You reflexively headbutt those who attack you in melee.


Message History

The gnoll is almost dead.
The gnoll hits you with a +1 flail of protection.
You puncture the gnoll!
You kill the gnoll!
The gnoll attacks as it pursues you! The gnoll barely misses you.
The gnoll attacks as it pursues you! The gnoll hits you with a +0 whip.
* * * LOW HITPOINT WARNING * * *
You see here a hobgoblin corpse.
The gnoll attacks as it pursues you! The gnoll hits you with a +0 whip.
* * * LOW HITPOINT WARNING * * *
The gnoll attacks as it pursues you! The gnoll barely misses you.
The gnoll attacks as it pursues you! The gnoll hits you but does no damage.
The gnoll attacks as it pursues you! The gnoll hits you with a +0 whip.
* * * LOW HITPOINT WARNING * * *
The gnoll attacks as it pursues you! The gnoll closely misses you.
The gnoll hits you but does no damage. The gnoll attacks as it pursues you!
The gnoll barely misses you.
There is a stone staircase leading up here.
Unknown command.
The gnoll closely misses you.
The gnoll hits you from afar with a +0 halberd.
* * * LOW HITPOINT WARNING * * *
You climb upwards.
There is a stone staircase leading down here.
You hit the gnoll.
The gnoll is lightly wounded.
The gnoll hits you but does no damage.
You hit the gnoll but do no damage.
The gnoll is lightly wounded.
The gnoll barely misses you.
You hit the gnoll.
The gnoll is moderately wounded.
The gnoll hits you with a +0 whip.
* * * LOW HITPOINT WARNING * * *
You hit the gnoll but do no damage.
The gnoll is moderately wounded.
You hit the gnoll.
The gnoll is heavily wounded.
The gnoll hits you with a +0 whip.
You die...

#.##.##..##......#..#..##.##..
#.##.##..##.#.####..#..##.##..
#................#..#..##.##..
#.##........#.####..#..##.##..
#.##.##..####.# #..#..##.##..
#.##.##..# ##.####..#..##.##.#
#.##.##..###..#...............
####.##.##.....g................#
................@......#..##.....
####.##.#######..#####.#.........
#.....# #..# #.#.###..... #.....#
####..#####.#.# #.##+# #.....#
#...........#.###.##.# ##.#####
#.##................>. ###.# #.#
#.##..#..####.###.##.. #...# #.#
#.##..#..# #.....##.#
#...###.###.##..#..########.##..


You could see a gnoll.

Vanquished Creatures
  2 gnolls (D:3)
  2 adders
  A dart slug (D:1)
  6 endoplasms
  3 giant cockroaches
  9 goblins
  4 hobgoblins
  4 kobolds
  7 quokkas
  8 ball pythons
  7 bats
  3 frilled lizards
  4 rats (D:1)
60 creatures vanquished.

Notes
Turn   | Place    | Note
-------+----------+-------------------------------------------
     0 | D:1      | smashvw the Minotaur Monk began the quest for the Orb.
     0 | D:1      | Reached XP level 1. HP: 19/19 MP: 0/0
    92 | D:1      | Reached skill level 1 in Armour
    92 | D:1      | Reached XP level 2. HP: 26/27 MP: 1/1
   225 | D:1      | Found Varehapp's Weapon Shoppe.
   515 | D:1      | Reached XP level 3. HP: 33/33 MP: 2/2
  1261 | D:2      | Reached XP level 4. HP: 41/41 MP: 3/3
  1274 | D:2      | Found a glowing golden altar of the Shining One.
  1874 | D:2      | HP: 1/41 [gnoll/+0 whip (6)]
  1876 | D:2      | Slain by a gnoll

Illustrated notes

Levels and vault maps discovered:
D:1:      evilmike_arrival_hilbert_curve, layout_loops_ring, serial_shops,
          nicolae_shop_bloodbath_and_beyond, minmay_misc_feat_diagonals,
          minmay_pentomino_t2
D:2:      layout_basic, basic_altar, hangedman_decor_points, minmay_bisected
D:3:      layout_loops_corners, general_overflow_altar,
          mainiacjoe_overflow_alcove_2, serial_shops, nicolae_square_shop,
          uniq_natasha, uniq_robin, uniq_crazy_yiuf_cottage

Skill      XL: |  1  2  3 |
---------------+----------+-----
Armour         | 1 2 |  2.6
Polearms       | 4 |  4.7
Fighting       | 4 |  4.8
Dodging        | |  3.2

Action                     |  1- 3 |  4- 6 || total
---------------------------+-------+-------++-------
  Melee: Spear             |    98 |    33 ||   131
         Headbutt          |    14 |     3 ||    17
 Armour: Robe              |    13 |       ||    13
         Chain mail        |     6 |    20 ||    26
  Dodge: Dodged            |    41 |    13 ||    54

Table legend: (Time is in decaauts)
 A = Elapsed time spent in this place.
 B = Non-inter-level travel time spent in this place.
 C = Inter-level travel time spent in this place.
 D = Time resting spent in this place.
 E = Time spent auto-exploring this place.
 F = Levels seen in this place.
 G = Mean time per level.
                   A        B        C        D        E       F      G
               +--------+--------+--------+--------+--------+-----+--------+
         Total |   1861 |   1773 |     88 |      0 |   1442 |   3 |  620.3 |
       Dungeon |   1861 |   1773 |     88 |      0 |   1442 |   3 |  620.3 |
               +--------+--------+--------+--------+--------+-----+--------+

Top non-repeatable levels by time:
     D:2: 920 daAuts
     D:1: 821 daAuts
     D:3: 118 daAuts
